 Dungeon Crawl Stone Soup version 0.28.0-47-ge53b351184 (webtiles) character file.

Game seed: 15277196815774122935

7886 pkoi the Stinger (level 10, -2/81 HPs)
             Began as a Demigod Venom Mage on May 7, 2022.
             Slain by a spriggan
             ... wielding a +0 trident
              (7 damage)
             ... in a bailey.
             The game lasted 00:24:32 (16183 turns).

pkoi the Stinger (Demigod Venom Mage)              Turns: 16183, Time: 00:24:33

Health: -2/81      AC: 15    Str:  9    XL:     10   Next: 72%
Magic:  10/30      EV: 13    Int: 33    God:
Gold:   390        SH:  0    Dex: 14    Spells: 9/19 levels left

rFire   + . .      SeeInvis +   y - +12 flail of Moaloffawn {vorpal, rC+ Int+4}
rCold   + . .      Faith    .   (no shield)
rNeg    . . .      Spirit   .   a - +2 leather armour {rF+}
rPois   .          Reflect  .   z - +2 helmet {SInv}
rElec   .          Harm     .   (no cloak)
rCorr   .          Rampage  .   (no gloves)
Will    +....                   b - +1 pair of boots
Stlth   ++........              (no amulet)
HPRegen 0.23/turn               k - +4 ring of protection
MPRegen 0.22/turn               o - ring of magical power

@: no status effects
A: high MP 1, forlorn, divine attributes
a: no special abilities


You were in a bailey.
You visited 1 branch of the dungeon, and saw 9 of its levels.
You also visited: Bailey.

You collected 390 gold pieces.

Inventory:

Hand Weapons
 e - a +0 dagger
 f - a +0 whip
 j - a +2 long sword of protection
 p - a +4 dire flail of holy wrath
 x - a +3 dagger of chaos
 y - the +12 flail of Moaloffawn (weapon) {vorpal, rC+ Int+4}
   (You found it on level 6 of the Dungeon)

   It inflicts extra damage upon your enemies.
   Int:       It affects your intelligence (+4).
   rC:        It protects you from cold.
Missiles
 m - 7 curare-tipped darts
Armour
 a - a +2 leather armour of fire resistance (worn)
 b - a +1 pair of boots (worn)
 g - a +0 robe of positive energy
 z - a +2 helmet of see invisible (worn)
Jewellery
 k - a +4 ring of protection (left hand)
 o - a ring of magical power (right hand)
 q - a ring of resist corrosion
 t - a ring of ice
Wands
 r - a wand of polymorph (7)
Scrolls
 c - a scroll of enchant armour
 d - 2 scrolls of immolation
 w - a scroll of blinking
 A - 2 scrolls of teleportation
Potions
 h - 3 potions of might
 i - 3 potions of heal wounds
 l - a potion of cancellation
 n - a potion of flight
 s - a potion of brilliance
 u - 2 potions of curing {unknown}
 v - a potion of ambrosia
 B - 3 potions of mutation {unknown}


   Skills:
 + Level 5.1 Fighting
 + Level 5.2 Armour
 + Level 5.6 Dodging
 - Level 1.7 Stealth
 + Level 6.0 Unarmed Combat
 + Level 5.2 Spellcasting
 + Level 5.4 Transmutations
 + Level 4.2 Ice Magic
 - Level 3.0 Air Magic
 - Level 6.0 Poison Magic


You had 9 spell levels left.
You knew the following spells:

 Your Spells              Type           Power      Damage    Failure   Level
b - Poisonous Vapours     Pois/Air       76%        N/A       1%          2
c - Olgreb's Toxic Radia  Pois           48%        N/A       5%          4
d - Ice Form              Ice/Tmut       40%        N/A       9%          4

Your spell library contained the following spells:

 Spells                   Type           Power      Damage    Failure   Level
 Sting                    Tmut/Pois      100%       1d8       1%          1
 Ensorcelled Hibernation  Hex/Ice        44%        N/A       3%          2
 Passwall                 Tmut/Erth      21%        N/A       3%          2
 Frozen Ramparts          Ice            74%        1d9       3%          3
 Ozocubu's Armour         Ice            37%        N/A       3%          3
 Corpse Rot               Necr/Air       36%        N/A       4%          2
 Mephitic Cloud           Conj/Pois/Air  28%        N/A       5%          3
 Swiftness                Air            28%        N/A       5%          3
 Animate Skeleton         Necr           16%        N/A       6%          1
 Apportation              Tloc           16%        N/A       6%          1
 Summon Small Mammal      Summ           32%        N/A       6%          1
 Scorch                   Fire           16%        2d5       10%         2
 Gell's Gravitas          Tloc           8%         N/A       19%         3
 Lesser Beckoning         Tloc           8%         N/A       19%         3
 Teleport Other           Tloc           8%         N/A       19%         3
 Tukima's Dance           Hex            8%         N/A       19%         3
 Airstrike                Air            14%        N/A       19%         4
 Summon Ice Beast         Ice/Summ       22%        N/A       26%         4
 Summon Lightning Spire   Summ/Air       18%        N/A       32%         4
 Yara's Violent Unravell  Hex/Tmut       13%        3d7       50%         5
 Dispel Undead            Necr           8%         3d8       52%         4
 Flame Wave               Conj/Fire      8%         2d5       52%         4
 Passage of Golubria      Tloc           8%         N/A       52%         4
 Lightning Bolt           Conj/Air       9%         1d21      67%         5
 Death Channel            Necr           4%         N/A       100%        6
 Summon Cactus Giant      Summ           4%         N/A       100%        6
 Ozocubu's Refrigeration  Ice            18%        4d8       100%        7


Dungeon Overview and Level Annotations

Branches:
Dungeon (9/15)             Temple (0/1) D:6          Bailey (1/1)
   Lair: D:8-11         Orc: D:9-12

Shops:
D:4 :


Innate Abilities, Weirdness & Mutations

You have an increased reservoir of magic. (+10% MP)
You shall have no god before yourself.
Your divine heritage dramatically boosts your attributes as you level up.


Message History

The ogre hits you from afar with a +0 halberd!
* * * LOW HITPOINT WARNING * * *
Unknown command.
You kill the ogre!
Casting: Olgreb's Toxic Radiance (dangerous; 5% risk of failure)
Confirm with . or Enter, or press ? or * to list all spells.
You begin to radiate toxic energy.
The ogre is poisoned.
The ogre looks even sicker.
A spriggan comes into view. It is wielding a +0 trident.
Unknown command.
Casting: Olgreb's Toxic Radiance (dangerous; 5% risk of failure)
Confirm with . or Enter, or press ? or * to list all spells.
Aiming: Poisonous Vapours (safe; 1% risk of failure)
Press: ? - help, Dir - move target, f - spriggan
Aim: a spriggan, wielding a +0 trident Poisonous vapours surround the spriggan!
The spriggan is poisoned.
The ogre looks even sicker.
Unknown command.
Casting: Poisonous Vapours (safe; 1% risk of failure)
Confirm with . or Enter, or press ? or * to list all spells.
Aiming: Poisonous Vapours (safe; 1% risk of failure)
Press: ? - help, Dir - move target, f - ogre, p - spriggan
Aim: an ogre, wielding a +0 glaive (moderately wounded, very poisoned) Poisonous vapours surround the ogre!
The ogre looks as sick as possible! x2
Your toxic aura wanes.
Unknown command.
Casting: Poisonous Vapours (safe; 1% risk of failure)
Confirm with . or Enter, or press ? or * to list all spells.
Aiming: Poisonous Vapours (safe; 1% risk of failure)
Press: ? - help, Dir - move target, f - spriggan, p - ogre
Aim: a spriggan, wielding a +0 trident (moderately wounded, very poisoned) Poisonous vapours surround the spriggan!
The spriggan looks as sick as possible!
The ogre hits you from afar with a +0 glaive!
* * * LOW HITPOINT WARNING * * *
The ogre hits you but does no damage.
You hit the ogre.
The ogre is severely wounded.
The spriggan hits you from afar with a +0 trident!
You die...

#######
###.....###
##......@..##
##.....).O...##
#....∩.))i....#
##....)).....##
##.........##
###≈≈≈≈≈###
#≈≈≈≈≈# #≈≈≈≈≈#
#.......#


You could see an ogre (very poisoned) and a spriggan (extremely poisoned).

Vanquished Creatures
  A gargoyle (D:8)
  A kobold demonologist (D:8)
  A troll (D:5)
  A hornet (D:9)
  A spriggan (Bailey)
  A shadow (D:9)
  9 yaks
  2 steam dragons
  Menkaure (D:6)
  Edmund (D:4)
  A water moccasin (D:6)
  3 sky beasts
  4 orc warriors
  An ice beast (D:6)
  2 necrophages
  A black bear (D:7)
  7 ogres
  A phantom (D:6)
  12 kobold brigands (D:8)
  Blork the orc (D:5)
  4 bullfrogs
  A gnoll sergeant (D:7)
  2 wyvern zombies
  2 scorpions
  A water moccasin zombie (D:5)
  3 water moccasin skeletons
  3 wights
  2 howler monkeys
  3 hounds
  2 centaur zombies
  2 jellies (D:6)
  2 centaur skeletons
  8 orc priests
  A bullfrog skeleton (D:7)
  10 orc wizards
  6 iguanas
  A killer bee zombie (D:8)
  A hound zombie (D:5)
  A howler monkey zombie (D:9)
  3 gnolls (D:7)
  A howler monkey skeleton (D:6)
  5 adders
  A shadow imp (D:5)
  An ufetubus (D:5)
  2 adder skeletons
  A worm (D:3)
  4 dart slugs
  38 orcs
  8 ball pythons
  9 bats
  3 endoplasms
  3 giant cockroaches
  8 goblins
  4 hobgoblins
  3 jackals (D:2)
  2 quokkas
  A ball python skeleton (D:2)
  4 frilled lizards
  A jackal zombie (D:2)
  14 kobolds
  A quokka zombie (D:2)
  6 rats
230 creatures vanquished.

Vanquished Creatures (others)
  19 plants (D:3)
19 creatures vanquished.

Grand Total: 249 creatures vanquished

Notes
Turn   | Place    | Note
-------+----------+-------------------------------------------
     0 | D:1      | pkoi the Demigod Venom Mage began the quest for the Orb.
     0 | D:1      | Reached XP level 1. HP: 14/14 MP: 5/5
    35 | D:1      | Reached skill level 1 in Transmutations
   617 | D:1      | Reached XP level 2. HP: 15/20 MP: 2/7
  1948 | D:2      | Reached XP level 3. HP: 23/26 MP: 1/8
  2761 | D:2      | Learned a level 2 spell: Poisonous Vapours
  3599 | D:2      | Reached XP level 4. HP: 33/33 MP: 7/9
  5493 | D:4      | Found Dieripn's Book Boutique.
  5533 | D:4      | Reached skill level 1 in Air Magic
  5533 | D:4      | Reached XP level 5. HP: 33/38 MP: 5/10
  5576 | D:4      | Learned a level 4 spell: Olgreb's Toxic Radiance
  6826 | D:4      | Noticed Edmund
  6848 | D:4      | Killed Edmund
  6849 | D:4      | Reached skill level 1 in Unarmed Combat
  6849 | D:4      | Reached XP level 6. HP: 31/45 MP: 11/11
  6972 | D:4      | Reached skill level 5 in Poison Magic
  7158 | D:5      | Entered Level 5 of the Dungeon
  7546 | D:5      | Reached XP level 7. HP: 50/50 MP: 13/13
  7975 | D:5      | Reached skill level 1 in Armour
  8122 | D:5      | Reached skill level 1 in Fighting
  9286 | D:5      | Noticed Blork the orc
  9325 | D:5      | Killed Blork the orc
  9326 | D:5      | Reached XP level 8. HP: 61/61 MP: 15/15
  9465 | D:5      | Noticed a troll
  9499 | D:5      | Killed a troll
  9911 | D:6      | Learned a level 4 spell: Ice Form
  9914 | D:6      | Found a staircase to the Ecumenical Temple.
 10151 | D:6      | Reached skill level 1 in Ice Magic
 10219 | D:6      | Reached XP level 9. HP: 49/70 MP: 8/17
 10827 | D:6      | Identified the +12 flail of Moaloffawn {vorpal, rC+ Int+4}
 10907 | D:6      | Noticed Menkaure
 10911 | D:6      | Killed Menkaure
 11821 | D:7      | Reached skill level 5 in Unarmed Combat
 13953 | D:8      | Noticed a gargoyle
 14081 | D:8      | Killed a gargoyle
 14082 | D:8      | Reached XP level 10. HP: 40/79 MP: 20/20
 14661 | D:8      | Reached skill level 5 in Dodging
 14848 | D:8      | Reached skill level 5 in Transmutations
 15136 | D:8      | Reached skill level 5 in Spellcasting
 15140 | D:8      | Reached skill level 5 in Armour
 15966 | D:9      | Reached skill level 5 in Fighting
 16132 | D:9      | Found a flagged portal.
 16140 | Bailey   | Entered a bailey
 16181 | Bailey   | HP: 4/81 [ogre/+0 glaive (15)]
 16183 | Bailey   | Slain by a spriggan

Illustrated notes

Levels and vault maps discovered:
D:1:      enne_arrival_octagon_isle, layout_basic
D:2:      layout_rooms, basic_altar, serial_undead, serial_undead_a,
          serial_undead_c, serial_undead_a, serial_undead_a,
          ebering_ecumenical_altar_hall
D:3:      layout_loops_ring, mainiacjoe_overflow_six_doors_small,
          serial_bayou_pond_c, chequers_serial_rivers_small_a
D:4:      layout_basic, nicolae_ru_the_path_less_chosen, serial_shops, shop,
          uniq_edmund
D:5:      kennysheep_spiral_hall, layout_cave_pods, okawaru_trees_1, tgw_sif,
          lemuel_coloured_pillars_altar, chequers_serial_rivers_micro_d,
          grunt_ministairs_12
D:6:      layout_loops_cross, riverfiend_overflow_shadow_ancestor,
          minmay_temple_entry_butterflies, chequers_serial_rivers_small_a,
          grunt_decor_mini_mirrors, uniq_menkaure
D:7:      layout_cave_pods, grunt_qazlal_sundering, minmay_misc_feat_ornament
D:8:      layout_gridville, mainiacjoe_overflow_cross_hatched, special_room
          [special_room_kobold]
D:9:      layout_basic, mainiacjoe_overflow_catwalk, kennysheep_mini_moat,
          enter_bailey_4, glass_columns_c, grunt_decor_junction,
          chequers_serial_rivers_micro_d
Bailey:   bailey_polearm_enchanted_keep_hellmonk, bailey

Skill      XL: |  1  2  3  4  5  6  7  8  9 10 |
---------------+-------------------------------+-----
Transmutations | 1 2 3 4 5 |  5.4
Poison Magic   | 3 4 5 6 |  6.0
Spellcasting   | 2 3 4 5 |  5.2
Air Magic      | 1 2 3 |  3.0
Unarmed Combat | 1 2 3 4 5 6 |  6.0
Armour         | 1 3 4 5 |  5.2
Dodging        | 2 3 4 5 |  5.6
Fighting       | 1 3 4 5 |  5.1
Ice Magic      | 1 3 4 |  4.2
Stealth        | |  1.7

Action                   |  1- 3 |  4- 6 |  7- 9 | 10-12 || total
-------------------------+-------+-------+-------+-------++-------
Melee: Dagger            |   101 |       |       |       ||   101
       Long sword        |       |    21 |       |       ||    21
       Punch             |       |     1 |     2 |     3 ||     6
       Dire flail        |       |     5 |    64 |       ||    69
       Flail             |       |       |    51 |    61 ||   112
 Cast: Sting             |    82 |    82 |    23 |       ||   187
       Poisonous Vapours |       |     8 |    72 |    20 ||   100
       Olgreb's Toxic Ra |       |       |    17 |    18 ||    35
  Use: Scroll            |       |     7 |     7 |     3 ||    17
 Stab: Sleeping          |       |       |     4 |       ||     4
Armor: Robe              |    40 |    22 |    63 |     2 ||   127
       Leather armour    |       |       |       |    47 ||    47
Dodge: Dodged            |   112 |    39 |   104 |    51 ||   306
